 Dungeon Crawl Stone Soup version 0.21-a0-630-g344d351 (webtiles) character file.

10306 Amnesiac the Fighter (level 11, -4/92 HPs)
             Began as a Mummy Necromancer on Dec 26, 2017.
             Was a Priest of Kikubaaqudgha.
             Slain by a vampire (8 damage)
             ... on level 10 of the Dungeon.
             The game lasted 00:17:39 (9544 turns).

Amnesiac the Fighter (Mummy Necromancer)            Turns: 9544, Time: 00:17:39

Health: -4/92      AC:  9    Str: 11    XL:     11   Next: 34%
Magic:  4/22       EV: 19    Int: 15    God:    Kikubaaqudgha [***...]
Gold:   253        SH:  0    Dex: 13    Spells: 15/25 levels left

rFire    . . .     SeeInvis .   q - +0 fustibalus
rCold    + + .     Gourm    .   (no shield)
rNeg     + + +     Faith    .   Q - +1 robe {rC+ rF+}
rPois    ∞         Spirit   .   k - +0 helmet
rElec    .         Reflect  .   u - +2 cloak
rCorr    .         Harm     .   (no gloves)
MR       +++..                  B - +1 pair of boots {Fly}
Stlth    ++........             D - necklace of Bloodlust {*Rage +Rage MR++ Int-3 Slay+6 *Curse} (curse)
HPRegen  0.25/turn              S - +2 ring of evasion
MPRegen  0.18/turn              n - ring of wizardry

@: flying
A: no food or potions, fire vulnerability, cold resistance 1, negative energy
resistance 3, torment resistance, unbreathing
a: Receive Corpses, Renounce Religion, Stop Flying


You were on level 10 of the Dungeon.
You worshipped Kikubaaqudgha.
Kikubaaqudgha was most pleased with you.
You were not hungry.

You visited 2 branches of the dungeon, and saw 11 of its levels.

You collected 455 gold pieces.
You spent 202 gold pieces at shops.

Inventory:

Hand Weapons
 a - a +0 hunting sling
 q - a +0 fustibalus (weapon)
 C - a +1 long sword of electrocution
 P - the +9 staff of Olgreb {rPois}
   (You found it on level 9 of the Dungeon)

   It protects you from poison.
Missiles
 c - 32 sling bullets (quivered)
 f - 174 stones
 g - 67 poisoned needles
 r - a throwing net
 y - 3 needles of sleeping
 G - 5 needles of confusion
Armour
 k - a +0 helmet (worn)
 u - a +2 cloak (worn)
 B - a +1 pair of boots of flying (worn)
 Q - a +1 robe of resistance (worn)
Jewellery
 e - a +4 ring of dexterity
 m - an uncursed amulet of regeneration
 n - a ring of wizardry (right hand)
 v - a +3 amulet of reflection
 D - the cursed necklace of Bloodlust (around neck) {*Rage +Rage MR++ Int-3 Slay+6 *Curse}
   (You found it on level 7 of the Dungeon)

   [amulet of rage]

   It affects your intelligence (-3).
   It affects your accuracy and damage with ranged weapons and melee attacks
   (+6).
   It affects your resistance to hostile enchantments.
   It lets you go berserk.
   It may make you go berserk in combat.
   It curses itself when equipped.
   It has a curse placed upon it.
 S - a +2 ring of evasion (left hand)
Wands
 s - a wand of paralysis (4)
 w - a wand of disintegration (8)
 A - a wand of acid (6)
 K - a wand of random effects (36)
 N - a wand of digging (14)
Scrolls
 d - 7 scrolls of identify {!r}
 h - 3 scrolls of amnesia {!r}
 i - 3 scrolls of teleportation {!r}
 j - 2 scrolls of random uselessness {!r, unknown}
 l - 5 scrolls of immolation {!r}
 o - 3 scrolls of fog {!r}
 p - 7 scrolls of remove curse {!r}
 t - a scroll of blinking {!r, unknown}
 x - 3 scrolls of enchant weapon {!r}
 F - a scroll of magic mapping {!r, unknown}
 J - a scroll of brand weapon {!r, unknown}
 R - 2 scrolls of enchant armour {!r, unknown}
Books
 b - a book of Necromancy

   Spells                             Type                      Level
   a - Pain                           Necromancy                   1
   b - Animate Skeleton               Necromancy                   1
   c - Vampiric Draining              Necromancy                   3
   d - Regeneration                   Charms/Necromancy            3
   e - Animate Dead                   Necromancy                   4
   f - Borgnjor's Vile Clutch         Necromancy/Earth             5
 z - a Young Poisoner's Handbook

   Spells                             Type                      Level
   a - Sting                          Conjuration/Poison           1
   b - Poisonous Vapours              Poison/Air                   2
   c - Mephitic Cloud                 Conjuration/Poison/Air       3
   d - Olgreb's Toxic Radiance        Poison                       4
   e - Venom Bolt                     Conjuration/Poison           5
 E - Vehumet's Papyrus of Confrontation
   (You found it on level 8 of the Dungeon)

   Spells                             Type                      Level
   a - Magic Dart                     Conjuration                  1
 H - a book of Minor Magic

   Spells                             Type                      Level
   a - Magic Dart                     Conjuration                  1
   b - Blink                          Translocation                2
   c - Call Imp                       Summoning                    2
   d - Slow                           Hexes                        2
   e - Conjure Flame                  Conjuration/Fire             3
   f - Mephitic Cloud                 Conjuration/Poison/Air       3
 I - Kikubaaqudgha's Reference Book on Unholy Rites
   (Kikubaaqudgha gifted it to you on level 9 of the Dungeon)

   Spells                             Type                      Level
   a - Animate Skeleton               Necromancy                   1
   b - Pain                           Necromancy                   1
   c - Corpse Rot                     Necromancy                   2
   d - Vampiric Draining              Necromancy                   3
 L - a book of Air

   Spells                             Type                      Level
   a - Shock                          Conjuration/Air              1
   b - Swiftness                      Charms/Air                   2
   c - Static Discharge               Conjuration/Air              3
   d - Airstrike                      Air                          4
   e - Lightning Bolt                 Conjuration/Air              5
 M - a book of Power

   Spells                             Type                      Level
   a - Iskenderun's Battlesphere      Conjuration/Charms           5
   b - Venom Bolt                     Conjuration/Poison           5
   c - Bolt of Magma                  Conjuration/Fire/Earth       5
   d - Iron Shot                      Conjuration/Earth            6
   e - Orb of Destruction             Conjuration                  7
   f - Spellforged Servitor           Conjuration/Summoning        7
 T - Kikubaaqudgha's Volume of Unholy Arts
   (Kikubaaqudgha gifted it to you on level 10 of the Dungeon)

   Spells                             Type                      Level
   a - Excruciating Wounds            Charms/Necromancy            5
   b - Borgnjor's Vile Clutch         Necromancy/Earth             5
   c - Agony                          Necromancy                   5
   d - Dispel Undead                  Necromancy                   5
   e - Simulacrum                     Ice/Necromancy               6
Miscellaneous
 O - a lamp of fire


   Skills:
 + Level 10.7 Fighting
 + Level 9.1 Dodging
 - Level 1.5 Stealth
 - Level 7.6 Spellcasting
 - Level 9.0 Necromancy


You had 15 spell levels left.
You knew the following spells:

 Your Spells              Type           Power        Failure   Level  Hunger
a - Pain                  Necr           ####         1%          1    N/A
b - Animate Skeleton      Necr           N/A          1%          1    N/A
d - Vampiric Draining     Necr           ####......   1%          3    N/A
e - Borgnjor's Vile Clut  Necr/Erth      ###.......   21%         5    N/A

Dungeon Overview and Level Annotations

Branches:
Dungeon (10/15)            Temple (1/1) D:6            Lair (0/6) D:8
    Orc: D:9-12

Altars:
Ashenzari
Cheibriados
Dithmenos
Elyvilon
Fedhas
Gozag
Hepliaklqana
Kikubaaqudgha
Makhleb
Nemelex Xobeh
Okawaru
Qazlal
Ru
Sif Muna
Trog
Uskayaw
Vehumet
Wu Jian
Xom
Yredelemnul
Zin
The Shining One

Shops:
D:5 (   D:6 [   D:10 %

Annotations:
D:4 anet's ghost, amateur HaWz


Innate Abilities, Weirdness & Mutations

You do not eat or drink.
Your flesh is vulnerable to fire.
You are immune to poison.
Your flesh is cold resistant. (rC+)
You are immune to negative energy. (rN+++)
You are immune to unholy pain and torment.
You can survive without breathing.


Message History

The hippogriff pecks you but does no damage.
The hippogriff claws you!
Firing (i - inventory. (,) - cycle):
c - 28 sling bullets (quivered)
Press: ? - help, Shift-Dir - straight line, f/p - hippogriff
Aim: a hippogriff (almost dead, constricted by zombie hands)
You shoot a sling bullet. The sling bullet hits the hippogriff.
You kill the hippogriff!
Kikubaaqudgha accepts your kill.
No target in view!
c - 31 sling bullets (gained 4)
Things that are here:
a vampiric dagger; a robe; the orc corpse of Nergalle
c - 34 sling bullets (gained 3)
You start resting.
Your magical contamination has completely faded away.
You start resting.
A vampire comes into view.
A vampire is nearby!
Firing (i - inventory. (,) - cycle):
c - 34 sling bullets (quivered)
Press: ? - help, Shift-Dir - straight line, f - vampire
Aim: a vampire (hasn't noticed you)
You shoot a sling bullet. The sling bullet hits the vampire.
The vampire is lightly damaged.
Firing (i - inventory. (,) - cycle):
c - 33 sling bullets (quivered)
Press: ? - help, Shift-Dir - straight line, f/p - vampire
Aim: a vampire (lightly damaged)
You shoot a sling bullet. The sling bullet hits the vampire.
The vampire is lightly damaged.
The vampire casts a spell.
The vampire flickers and vanishes!
Deactivating autopickup; reactivate with Ctrl-A.
No target in view!
No target in view!
Something hits you! Something bites you.
Casting: Borgnjor's Vile Clutch
Confirm with . or Enter, or press ? or * to list all spells.
Aiming: Borgnjor's Vile Clutch
Press: ? - help, Dir - move target cursor Decaying hands burst forth from the earth!
Something hits you. Something bites you!
* * * LOW HITPOINT WARNING * * *
Casting: Borgnjor's Vile Clutch
Confirm with . or Enter, or press ? or * to list all spells.
Aiming: Pain
Press: ? - help, Shift-Dir - straight line Nothing appears to happen.
Something hits you.
* * * LOW HITPOINT WARNING * * *
Something bites you but does no damage.
You barely miss something. Something hits you!
* * * LOW HITPOINT WARNING * * *
Something bites you.
* * * LOW HITPOINT WARNING * * *
Something hits you!
* * * LOW HITPOINT WARNING * * *
Something bites you!
* * * LOW HITPOINT WARNING * * *
Something barely misses you. Something bites you!
* * * LOW HITPOINT WARNING * * *
You see here a howler monkey corpse.
Things that are here:
a +0 troll leather armour; a troll corpse Something hits you!
You die...
Kikubaaqudgha rasps: "You have failed me!
Welcome... oblivion!"

.....##.................†#####.##
.....##..................# ....
.....##..................# ..##
.....###...#.###.........# #..#
###.####.......#.........# #..# #
#......................# #..# #
##.###.....).#.........####...
####.###.).....##.............#
(..#..........#{@.)..(...#####
.....(............)).(..(......
...##(........#...........#####
...##[##......#...(.......#
...##†.####...######.####.#
...###.# ......). ...# ...
.......#.............# ....#
).(..............%.... ....#
(..................... ..#


There were no monsters in sight!

Vanquished Creatures
  A two-headed ogre (D:9)
  Nergalle (D:10)
  Joseph (D:10)
  Prince Ribbit (D:7)
  2 trolls
  A hornet (D:10)
  5 hippogriffs
  Sigmund (D:3)
  A wyvern (D:8)
  6 yaks (D:9)
  Menkaure (D:7)
  A hungry ghost (D:9)
  3 soldier ants (D:9)
  2 water moccasins (D:9)
  4 ice beasts
  2 necrophages
  4 ogres
  7 orc warriors
  A phantom (D:9)
  A sky beast (D:9)
  2 black bears
  2 centaurs (D:10)
  2 big kobolds
  A gnoll sergeant (D:6)
  2 bullfrogs
  2 scorpions
  A wyvern skeleton (D:6)
  13 killer bees
  7 howler monkeys
  A centaur zombie (D:10)
  2 crimson imps
  5 jellies
  5 orc priests
  Crazy Yiuf (D:3)
  A gnoll shaman (D:8)
  12 orc wizards
  A bullfrog skeleton (D:9)
  4 hounds
  Terence (D:3)
  4 iguanas
  12 worker ants
  A hound skeleton (D:7)
  12 gnolls
  11 adders
  2 shadow imps
  3 adder skeletons
  2 worms
  5 leopard geckos
  43 orcs
  2 giant cockroaches
  9 goblins
  10 hobgoblins
  12 jackals
  11 kobolds
  2 quokkas
  7 bats
  4 frilled lizards
  A jackal skeleton (D:2)
  2 leopard gecko skeletons
  A leopard gecko zombie (D:6)
  5 rats
272 creatures vanquished.

Vanquished Creatures (others)
  2 orcs (D:6)
2 creatures vanquished.

Grand Total: 274 creatures vanquished

Notes
Turn   | Place    | Note
-------+----------+-------------------------------------------
     0 | D:1      | Amnesiac the Mummy Necromancer began the quest for the Orb.
     0 | D:1      | Reached XP level 1. HP: 13/13 MP: 4/4
   184 | D:1      | Reached skill level 1 in Fighting
   484 | D:1      | Reached XP level 2. HP: 22/22 MP: 5/5
   726 | D:1      | Reached skill level 2 in Fighting
  1050 | D:2      | Reached XP level 3. HP: 27/27 MP: 7/7
  1137 | D:2      | Found a white marble altar of Elyvilon.
  1328 | D:1      | Reached XP level 4. HP: 33/34 MP: 8/8
  1498 | D:2      | Learned a level 3 spell: Vampiric Draining
  1537 | D:2      | Learned a level 1 spell: Animate Skeleton
  1624 | D:3      | Noticed Sigmund
  1638 | D:3      | Killed Sigmund
  1638 | D:3      | Reached skill level 3 in Fighting
  1638 | D:3      | Reached skill level 5 in Necromancy
  1638 | D:3      | Reached XP level 5. HP: 22/41 MP: 2/10
  1664 | D:3      | Learned a level 5 spell: Borgnjor's Vile Clutch
  1775 | D:3      | Noticed Terence
  1784 | D:3      | Killed Terence
  1784 | D:3      | Reached XP level 6. HP: 41/47 MP: 10/12
  2001 | D:3      | Found a runed door.
  2065 | D:3      | Found a shadowy altar of Dithmenos.
  2175 | D:3      | Noticed Crazy Yiuf
  2182 | D:3      | Killed Crazy Yiuf
  2325 | D:4      | Found a sacrificial altar of Ru.
  2834 | D:4      | Noticed anet's ghost (amateur HaWz)
  2936 | D:5      | Entered Level 5 of the Dungeon
  2942 | D:5      | Found a glowing golden altar of the Shining One.
  3163 | D:5      | Noticed an ice beast
  3174 | D:5      | Killed an ice beast
  3174 | D:5      | Reached XP level 7. HP: 45/53 MP: 6/13
  3224 | D:5      | Found a shadowy altar of Dithmenos.
  3281 | D:5      | Reached skill level 4 in Fighting
  3373 | D:5      | Reached skill level 5 in Spellcasting
  3378 | D:5      | Found Uguavvi's Antique Weapon Boutique.
  3922 | D:6      | Reached XP level 8. HP: 61/61 MP: 16/16
  4232 | D:6      | Found a staircase to the Ecumenical Temple.
  4310 | D:6      | Found Qaruwo's Antique Armour Boutique.
  4316 | D:6      | Bought a pair of embroidered boots for 202 gold pieces
  4760 | Temple   | Entered the Ecumenical Temple
  5014 | D:7      | Noticed a hippogriff
  5024 | D:7      | Killed a hippogriff
  5068 | D:7      | Noticed Prince Ribbit
  5084 | D:7      | Killed Prince Ribbit
  5084 | D:7      | Reached skill level 5 in Fighting
  5301 | D:7      | Reached XP level 9. HP: 55/68 MP: 7/19
  5593 | D:7      | Noticed Menkaure
  5610 | D:7      | Killed Menkaure
  5694 | D:7      | Found the cursed necklace of Bloodlust {*Rage +Rage MR++ Int-3 Slay+6 *Curse}
  5744 | D:7      | Found a bloodstained altar of Trog.
  5914 | D:7      | Found a shimmering altar of Xom.
  5917 | D:7      | Found a shimmering altar of Xom.
  5918 | D:7      | Found a shimmering altar of Xom.
  6239 | D:8      | Found an ancient bone altar of Kikubaaqudgha.
  6241 | D:8      | Found a deep blue altar of Sif Muna.
  6245 | D:8      | Found a radiant altar of Vehumet.
  6250 | D:8      | Became a worshipper of Kikubaaqudgha
  6264 | D:8      | Identified Vehumet's Papyrus of Confrontation
  6297 | D:8      | Reached skill level 6 in Fighting
  6297 | D:8      | Reached skill level 5 in Dodging
  6419 | D:8      | Noticed a troll
  6428 | D:8      | Killed a troll
  6721 | D:8      | Reached skill level 7 in Fighting
  6872 | D:8      | Found a staircase to the Lair.
  7002 | D:8      | You are sucked into a shaft!
  7195 | D:9      | Reached * piety under Kikubaaqudgha
  7195 | D:9      | Identified Kikubaaqudgha's Reference Book on Unholy Rites (Kikubaaqudgha gifted it to you on level 9 of the Dungeon)
  7195 | D:9      | Received a gift from Kikubaaqudgha
  7211 | D:9      | Reached XP level 10. HP: 79/79 MP: 21/21
  7299 | D:9      | Reached skill level 8 in Fighting
  7439 | D:9      | Noticed a two-headed ogre
  8108 | D:9      | Killed a two-headed ogre
  8108 | D:9      | Reached skill level 9 in Fighting
  8308 | D:9      | Found a runed gate.
  8309 | D:9      | Found a runed door.
  8314 | D:9      | Found a runed door.
  8316 | D:9      | Found the +9 staff of Olgreb {rPois}
  8341 | D:9      | Found a runed gate.
  8770 | D:9      | Found a runed gate.
  8802 | D:9      | Reached ** piety under Kikubaaqudgha
  8936 | D:9      | Reached XP level 11. HP: 78/90 MP: 11/22
  8978 | D:10     | Entered Level 10 of the Dungeon
  8987 | D:10     | Reached skill level 10 in Fighting
  9148 | D:10     | Noticed Joseph
  9244 | D:10     | Killed Joseph
  9345 | D:10     | Found Zuku's Food Emporium.
  9374 | D:10     | Reached *** piety under Kikubaaqudgha
  9374 | D:10     | Identified Kikubaaqudgha's Volume of Unholy Arts (Kikubaaqudgha gifted it to you on level 10 of the Dungeon)
  9374 | D:10     | Received a gift from Kikubaaqudgha
  9477 | D:10     | Noticed Nergalle
  9486 | D:10     | Killed Nergalle
  9531 | D:10     | HP: 1/92 [something (11)]
  9544 | D:10     | Slain by a vampire

Vault maps used:
D:1:      sevenhm_arrival_forest_fort_large_4
D:2:      elyvilon_altar_5
D:3:      nicolae_overflow_crystal_walls, first_ration, uniq_sigmund,
          uniq_crazy_yiuf_cottage, uniq_terence
D:4:      nicolae_ru_awakened_eye
D:5:      lemuel_crystal_altar, serial_shops, shop,
          grunt_dithmenos_smoke_and_mirrors
D:6:      lemuel_temple_firewalk_b, serial_shops, nicolae_shop_trees
D:7:      nicolae_overflow_hidden_temple, serial_co_window_serial,
          co_window_corner_a, co_window_corner_a, co_window_corner_a,
          co_window_paths_b, co_window_paths_a, co_window_2corner,
          co_window_broadway_b, co_window_broadway_c, co_window_broadway_c,
          co_window_of_opportunity_b, co_window_2corner,
          co_window_unsneaky_path_c, glass_columns_b, glass_columns_c,
          glass_columns_c, glass_columns_b, grunt_ogre_cave, xom_redecorated,
          uniq_prince_ribbit1, uniq_menkaure
D:8:      grunt_temple_overflow_magic_moments, lair_entry_dummy
D:9:      minmay_guarded_unrand_staff_of_olgreb
D:10:     serial_shops, shop, uniq_joseph, uniq_nergalle
Temple:   nicolae_temple_figure_eight

Skill      XL: |  1  2  3  4  5  6  7  8  9 10 11 |
---------------+----------------------------------+-----
Fighting       | 1 2 3 4 5 7 9 10 | 10.7
Spellcasting   | 3 4 5 6 7 |  7.6
Dodging        | 2 3 4 6 8 9 |  9.1
Necromancy     | 5 6 7 8 9 |  9.0
Stealth        | |  1.5

Action                   |  1- 3 |  4- 6 |  7- 9 | 10-12 || total
-------------------------+-------+-------+-------+-------++-------
Melee: Dagger            |     5 |       |     3 |       ||     8
       Unarmed           |    19 |       |       |       ||    19
       Fustibalus        |       |       |     4 |     1 ||     5
       Long sword        |       |       |     2 |       ||     2
 Fire: Hunting sling     |    70 |       |       |       ||    70
       Fustibalus        |    31 |   176 |   427 |   227 ||   861
 Cast: Pain              |    16 |     5 |     2 |     1 ||    24
       Vampiric Draining |       |     6 |    12 |     2 ||    20
       Borgnjor's Vile C |       |       |    13 |    25 ||    38
  Use: Scroll            |       |       |     8 |     1 ||     9
Armor: Robe              |    15 |    21 |       |    12 ||    48
       Troll leather arm |       |       |   120 |    57 ||   177
Dodge: Dodged            |    51 |    83 |   216 |   212 ||   562
Block: Other             |       |       |    29 |       ||    29

Table legend:
 A = Spawn XP
 B = Non-spawn XP
 C = Spawn XP percentage of total XP
 D = Spawn monster count
 E = Non-spawn monster count
 F = Spawn count percentage of total count
 G = Total turns spent on level
                    A         B        C        D         E        F      G
               +---------+---------+-------+---------+---------+-------+---------
         Total |       0 |   14724 |   0.0 |       0 |     272 |   0.0 |  9544
               +---------+---------+-------+---------+---------+-------+---------
           D:1 |       0 |      72 |   0.0 |       0 |      16 |   0.0 |   907
           D:2 |       0 |      40 |   0.0 |       0 |      16 |   0.0 |   672
           D:3 |       0 |     397 |   0.0 |       0 |      24 |   0.0 |   668
           D:4 |       0 |     154 |   0.0 |       0 |      12 |   0.0 |   689
           D:5 |       0 |     484 |   0.0 |       0 |      18 |   0.0 |   802
           D:6 |       0 |     665 |   0.0 |       0 |      24 |   0.0 |  1053
           D:7 |       0 |    1781 |   0.0 |       0 |      30 |   0.0 |  1197
           D:8 |       0 |    2059 |   0.0 |       0 |      35 |   0.0 |  1422
           D:9 |       0 |    5666 |   0.0 |       0 |      65 |   0.0 |  1354
          D:10 |       0 |    3406 |   0.0 |       0 |      32 |   0.0 |   566
               +---------+---------+-------+---------+---------+-------+---------
